 Seeded DCSS version 0.31-a0-117-g42d8f58691 (webtiles) character file.

Game seed: 8267447694808738689 (custom seed)

650 Hubris850 the Chopper (level 7, -3/57 HPs)
             Began as a Minotaur Fighter on May 30, 2023.
             Was a High Priest of Elyvilon.
             Slain by a gnoll
             ... wielding a +0 spear
              (4 damage)
             ... on level 5 of the Dungeon.
             The game lasted 00:10:05 (3862 turns).

Hubris850 the Chopper (Minotaur Fighter)            Turns: 3862, Time: 00:10:05

Health: -3/57      AC:  9    Str: 23    XL:     7   Next: 28%
Magic:  6/6        EV:  9    Int:  5    God:    Elyvilon [*****.]
Gold:   281        SH:  5    Dex:  9    Spells: 6/6 levels left

rFire   . . .        a - +0 war axe
rCold   . . .        c - +1 buckler
rNeg    . . .        b - +0 scale mail
rPois   .            (helmet restricted)
rElec   .            t - +0 cloak
rCorr   .            f - +0 pair of gloves
SInv    .            (no boots)
Will    .....        (no amulet) Stlth
                     (no ring)
HPRegen 0.29/turn    (no ring)
MPRegen 0.10/turn

%: no passive effects
@: no status effects
A: horns 2, retaliatory headbutt
a: Renounce Religion, Purification, Heal Other, Heal Self, Divine Vigour


You were on level 5 of the Dungeon.
You worshipped Elyvilon.
Elyvilon was extremely pleased with you.
You visited 1 branch of the dungeon, and saw 5 of its levels.

You collected 281 gold pieces.

Inventory:

Hand Weapons
 a - a +0 war axe (weapon)
Missiles
 e - 6 atropa-tipped darts
 g - 6 boomerangs (quivered)
 k - 5 poisoned darts
 p - 6 curare-tipped darts
Armour
 b - a +0 scale mail (worn)
 c - a +1 buckler (worn)
 f - a +0 pair of gloves (worn)
 h - an orb of mayhem
 t - a +0 cloak (worn)
Jewellery
 l - an amulet of magic regeneration
Wands
 s - a wand of flame (13)
Scrolls
 o - a scroll of magic mapping
Potions
 d - a potion of might
 i - a potion of mutation
 j - a potion of cancellation
 m - a potion of haste
 n - 2 potions of curing
 r - 2 potions of ambrosia
 u - a potion of lignification
 v - a potion of enlightenment


   Skills:
 - Level 3.6 Fighting
 + Level 7.2 Axes
 + Level 5.3 Throwing
 - Level 3.6 Armour
 - Level 3.6 Shields


You had 6 spell levels left.
You didn't know any spells.
Your spell library contained the following spells:

 Spells                   Type           Power      Damage    Failure   Level
 Ensorcelled Hibernation  Hex/Ice        0%         N/A       94%         2
 Gell's Gravitas          Tloc           0%         N/A       99%         3
 Spider Form              Tmut/Pois      0%         N/A       99%         3
 Teleport Other           Tloc           0%         N/A       99%         3
 Anguish                  Hex/Necr       0%         N/A       100%        4
 Dispersal                Tloc           0%         N/A       100%        6


Dungeon Overview and Level Annotations

Branches:
Dungeon (5/15)             Temple (0/1) D:5

Altars:
Cheibriados
Elyvilon
Gozag

Annotations:
D:5 Eustachio


Innate Abilities, Weirdness & Mutations

You have a pair of horns on your head.
You reflexively headbutt those who attack you in melee.


Message History

You barely miss the hound. The hound misses you.
A sky beast appears from thin air!
Reactivating autopickup.
The sky beast barely misses you. The gnoll hits you but does no damage.
You miss the sky beast. You slash the hound! You block the hound's attack.
The sky beast hits you but does no damage.
The gnoll hits you from afar with a +0 spear.
The hound bites you.
You hit the sky beast. Your headbutt misses the sky beast.
The sky beast is lightly wounded.
You closely miss the hound. The hound bites you.
The sky beast flickers out of sight!
Deactivating autopickup; reactivate with Ctrl-A.
Something hits you. Something shocks you.
* * * LOW HITPOINT WARNING * * *
The gnoll hits you but does no damage. The hound bites you but does no damage.
You slash something! You hit the hound but do no damage.
You closely miss Eustachio. Something hits you but does no damage.
The gnoll hits you from afar with a +0 spear.
* * * LOW HITPOINT WARNING * * *
You block the hound's attack. Eustachio hits you but does no damage.
You slash something! Your headbutt misses something. You slash the hound!
You kill the hound!
You closely miss Eustachio. Eustachio hits you with a +0 falchion.
* * * LOW HITPOINT WARNING * * *
Something hits you but does no damage. The gnoll closely misses you.
Something hits you but does no damage.
The gnoll hits you from afar with a +0 spear.
* * * LOW HITPOINT WARNING * * *
Eustachio casts a spell.
Eustachio blinks!
You miss something.
Eustachio screams, "This atrocity can only be purified with blood!"
Eustachio mumbles some strange words.
Something hits you.
* * * LOW HITPOINT WARNING * * *
Something shocks you. Elyvilon protects you from harm!
The gnoll hits you from afar with a +0 spear.
You die...

.# >##.................##
.##..#............##....#
.................#####..#
).....###..#......# #.##
......# ...#......##....
.#.....##............!###
##>....##.../.....#..###
# ....##....#.##..#.....
# .....[..#### #@)......
...... #...§{†...... ....
.......g.......
....5..........
...5...........
5.@...........:
...............
..###..........


You could see Eustachio, 2 quasits, a gnoll and a white imp (summoned).

Vanquished Creatures
  An ogre (D:5)
  2 jellies (D:4)
  2 orc priests
  2 hounds
  Crazy Yiuf (D:3)
  2 iguanas
  An orc wizard (D:3)
  Ijyb (D:3)
  A mummy (D:5)
  Robin (D:3)
  3 gnolls (D:5)
  6 adders
  2 worms
  A dart slug (D:1)
  11 orcs
  10 endoplasms
  4 giant cockroaches
  19 goblins
  11 hobgoblins
  11 jackals
  9 kobolds
  6 quokkas
  6 ball pythons
  5 bats
  2 frilled lizards (D:3)
  2 hobgoblin zombies (D:5)
  A kobold zombie (D:5)
  An orc zombie (D:5)
  6 rats
  A spectral kobold (D:1)
131 creatures vanquished.

Notes
Turn   | Place    | Note
-------+----------+-------------------------------------------
     0 | D:1      | Hubris850 the Minotaur Fighter began the quest for the Orb.
     0 | D:1      | Reached XP level 1. HP: 19/19 MP: 0/0
   177 | D:1      | Reached skill level 3 in Axes
   177 | D:1      | Found a faded altar of an unknown god.
   182 | D:1      | Prayed at the altar of an unknown god.
   182 | D:1      | Became a worshipper of Elyvilon the Healer
   182 | D:1      | Reached * piety under Elyvilon
   237 | D:1      | Reached XP level 2. HP: 26/26 MP: 1/1
   263 | D:1      | Reached skill level 1 in Throwing
   638 | D:1      | Reached XP level 3. HP: 29/31 MP: 2/2
   720 | D:1      | Reached ** piety under Elyvilon
   862 | D:2      | Reached skill level 4 in Axes
  1358 | D:3      | Reached XP level 4. HP: 32/39 MP: 3/3
  1532 | D:3      | Reached *** piety under Elyvilon
  1579 | D:3      | Noticed Ijyb
  1581 | D:3      | Noticed Robin
  1592 | D:3      | Killed Ijyb
  1593 | D:3      | Reached skill level 5 in Axes
  1593 | D:3      | Reached XP level 5. HP: 25/45 MP: 4/4
  1598 | D:3      | Killed Robin
  1749 | D:3      | Found a runed translucent door.
  1750 | D:3      | Noticed Crazy Yiuf
  1759 | D:3      | Killed Crazy Yiuf
  1943 | D:3      | Identified the +0 ring mail "Ziukiarrysic" {Dex+3}
  2515 | D:3      | Reached XP level 6. HP: 14/51 MP: 5/5
  2736 | D:4      | Reached skill level 6 in Axes
  2848 | D:4      | Reached **** piety under Elyvilon
  3171 | D:4      | Found an opulent altar of Gozag.
  3172 | D:4      | Found a snail-covered altar of Cheibriados.
  3521 | D:5      | Entered Level 5 of the Dungeon
  3545 | D:5      | Reached ***** piety under Elyvilon
  3545 | D:5      | Found a staircase to the Ecumenical Temple.
  3566 | D:5      | Reached skill level 7 in Axes
  3566 | D:5      | Reached skill level 5 in Throwing
  3566 | D:5      | Reached XP level 7. HP: 6/57 MP: 6/6
  3854 | D:5      | Noticed Eustachio
  3862 | D:5      | HP: 1/57 [something (4)]
  3862 | D:5      | Elyvilon protects you from harm!
  3862 | D:5      | Slain by a gnoll

Illustrated notes

Levels and vault maps discovered:
D:1:      minmay_arrival_four_loops, layout_basic,
          dreamdust_ecumenical_altar_drowned_temple
D:2:      minmay_skewed_foursquare, layout_rooms, nrook_mini_vaults
D:3:      kennysheep_the_goblin_king, layout_basic, serial_glass,
          glass_columns_a, glass_columns_c, nicolae_goblin_pals,
          uniq_crazy_yiuf_cottage, uniq_ijyb
D:4:      nicolae_cairo_tiling_large_dashed, layout_basic,
          gammafunk_temple_overflow_pools
D:5:      layout_cave_pools, minmay_temple_entry_proselytizer,
          minmay_mini_ossuary, uniq_eustachio, uniq_edmund

Skill      XL: |  1  2  3  4  5  6 |
---------------+-------------------+-----
Axes           | 3 4 5 7 |  7.2
Throwing       | 1 2 3 5 |  5.3
Fighting       | |  3.6
Armour         | |  3.6
Shields        | |  3.6

Action                     |  1- 3 |  4- 6 |  7- 9 || total
---------------------------+-------+-------+-------++-------
  Melee: War axe           |    96 |   145 |    21 ||   262
         Headbutt          |    11 |    16 |     3 ||    30
  Throw: Boomerang         |       |     5 |       ||     5
    Use: Scroll            |     6 |     4 |     2 ||    12
         Potion            |     2 |     2 |       ||     4
 Armour: Scale mail        |    40 |    65 |    16 ||   121
  Dodge: Dodged            |    36 |    66 |    15 ||   117
  Block: Buckler           |    25 |    53 |    10 ||    88

Table legend: (Time is in decaauts)
 A = Elapsed time spent in this place.
 B = Non-inter-level travel time spent in this place.
 C = Inter-level travel time spent in this place.
 D = Time resting spent in this place.
 E = Time spent auto-exploring this place.
 F = Levels seen in this place.
 G = Mean time per level.
                   A        B        C        D        E       F      G
               +--------+--------+--------+--------+--------+-----+--------+
         Total |   3918 |   3796 |    122 |    403 |   2617 |   5 |  783.6 |
       Dungeon |   3918 |   3796 |    122 |    403 |   2617 |   5 |  783.6 |
               +--------+--------+--------+--------+--------+-----+--------+

Top non-repeatable levels by time:
     D:3: 1423 daAuts
     D:4: 828 daAuts
     D:1: 743 daAuts
     D:2: 577 daAuts
     D:5: 345 daAuts
